 Dungeon Crawl Stone Soup version 0.31-a0-1267-gfedaa18580 (webtiles) character file.

Game seed: 1278953867003055669

432 Curundu the Trooper (level 6, -4/56 HPs)
             Began as a Minotaur Berserker on Dec 16, 2023.
             Was a Priest of Trog.
             Killed from afar by an orc wizard (11 damage)
             ... with a puff of flame
             ... on level 5 of the Dungeon.
             The game lasted 00:11:10 (3636 turns).

Curundu the Trooper (Minotaur Berserker)            Turns: 3636, Time: 00:11:11

Health: -4/56      AC:  2    Str: 23    XL:     6   Next: 67%
Magic:  5/5        EV: 13    Int:  4    God:    Trog [***...]
Gold:   217        SH:  9    Dex: 16    Spells: 5/5 levels left

rFire   . . .        a - +2 demon whip (freeze)
rCold   . . .        v - +0 buckler
rNeg    . . .        b - +0 animal skin
rPois   .            (helmet restricted)
rElec   .            (no cloak)
rCorr   .            (no gloves)
SInv    .            (no boots)
Will    .....        j - amulet of reflection
Stlth   ++           g - +6 ring of dexterity
HPRegen 0.29/turn    (no ring)
MPRegen 0.09/turn

%: reflection
@: no status effects
A: horns 2, retaliatory headbutt
a: Renounce Religion, Berserk, Trog's Hand


You were on level 5 of the Dungeon.
You worshipped Trog.
Trog was most pleased with you.
You visited 1 branch of the dungeon, and saw 5 of its levels.

You collected 217 gold pieces.

Inventory:

Hand Weapons
 a - a +2 demon whip of freezing (weapon)
 d - a +0 short sword of venom
 h - a +1 dagger of flaming
Armour
 b - a +0 animal skin (worn)
 v - a +0 buckler (worn)
Jewellery
 g - a +6 ring of dexterity (left hand)
 j - an amulet of reflection (around neck)
 u - an amulet of guardian spirit
 A - a ring of protection from fire
Scrolls
 c - 3 scrolls of teleportation {unknown}
 i - 4 scrolls of noise {unknown}
 l - a scroll of enchant armour {unknown}
 n - 2 scrolls of poison {unknown}
 p - a scroll of blinking {unknown}
 r - 2 scrolls of amnesia {unknown}
 t - 2 scrolls of identify {unknown}
 x - a scroll of torment {unknown}
 y - a scroll of fog {unknown}
Potions
 e - 5 potions of curing {unknown}
 f - a potion of ambrosia {unknown}
 k - a potion of resistance {unknown}
 m - a potion of attraction {unknown}
 o - 3 potions of might {unknown}
 q - 2 potions of mutation {unknown}
 s - a potion of enlightenment {unknown}
 w - a potion of lignification {unknown}
 z - 2 potions of brilliance {unknown}


   Skills:
 + Level 5.4 Fighting
 + Level 2.4 Short Blades
 + Level 4.3 Maces & Flails
 + Level 4.2 Polearms
 + Level 2.5 Armour
 + Level 3.3 Dodging
 + Level 1.7 Stealth
 + Level 1.0 Shields


You had 5 spell levels left.
You didn't know any spells.
Your spell library contained the following spells:

 Spells                   Type           Power      Damage    Failure   Level
 Sublimation of Blood     Necr           0%         N/A       71%         2
 Inner Flame              Hex/Fire       0%         N/A       91%         3
 Flame Wave               Conj/Fire      0%         2d4       100%        4
 Petrify                  Tmut/Erth      0%         N/A       100%        4
 Sticky Flame             Conj/Fire      0%         2d3       100%        4
 Irradiate                Conj/Tmut      0%         3d11      100%        5


Dungeon Overview and Level Annotations

Branches:
Dungeon (5/15)
 Temple: D:4-7

Altars:
Vehumet


Innate Abilities, Weirdness & Mutations

You have a pair of horns on your head.
You reflexively headbutt those who attack you in melee.


Message History

A magic dart appears from out of thin air!
The magic dart hits you.
The orc warrior hits you with a +0 long sword!
Something tries to affect you, but you resist.
The orc warrior barely misses you.
You closely miss the orc warrior.
The orc warrior is almost dead.
The orc warrior closely misses you.
You hit the orc warrior but do no damage.
You headbutt the orc warrior.
The orc warrior is almost dead.
The orc warrior barely misses you.
You hit the orc warrior. You freeze the orc warrior.
You kill the orc warrior!
Trog accepts your kill.
Your Maces & Flails skill increases to level 4!
Your Shields skill increases to level 1!
You miss something. Something hits you.
* * * LOW HITPOINT WARNING * * *
You closely miss something.
Unknown command.
You hit something. You freeze something.
You hear some strange, mumbled words.
You are confused.
You see here a black potion.
Something hits you.
* * * LOW HITPOINT WARNING * * *
You miss something.
You're too confused to move!
Something barely misses you. The orc hits you with a +0 club.
* * * LOW HITPOINT WARNING * * *
You bump into the rock wall.
Something hits you.
* * * LOW HITPOINT WARNING * * *
The orc hits you with a +0 club.
* * * LOW HITPOINT WARNING * * *
You feel less confused.
You hear some strange, mumbled words.
A puff of flame appears from out of thin air!
The puff of flame hits you!
You die...

...#####.# .........#
#..# ####.#.####..#
#.......... ###.####...
#.# #.# # ####.## #.#
.#.##.....###.#######<##
................@.......
.####.#...###.o{#####.##
#.##.## ###!###...#
.####.##.# #.)...#
......##.# #.###....
#####.##.# #.# .#
####...#.# #.#
.........# #.#
####...### #.#


You could see an orc.

Vanquished Creatures
  An orc warrior (D:5)
  A phantom (D:5)
  A scorpion (D:3)
  A sleepcap (D:5)
  An iguana (D:5)
  5 adders
  6 dart slugs
  6 orcs
  8 ball pythons
  7 bats
  9 endoplasms
  4 giant cockroaches
  9 goblins
  8 hobgoblins
  11 kobolds
  5 quokkas
  4 frilled lizards
  5 rats
92 creatures vanquished.

Notes
Turn   | Place    | Note
-------+----------+-------------------------------------------
     0 | D:1      | Curundu the Minotaur Berserker began the quest for the Orb.
     0 | D:1      | Reached XP level 1. HP: 19/19 MP: 0/0
    89 | D:1      | Reached skill level 4 in Fighting
   183 | D:1      | Reached XP level 2. HP: 19/27 MP: 1/1
   488 | D:1      | Found a faded altar of an unknown god.
   593 | D:1      | Reached XP level 3. HP: 34/34 MP: 2/2
   906 | D:2      | Reached ** piety under Trog
  1142 | D:2      | Reached skill level 1 in Short Blades
  1231 | D:2      | Reached XP level 4. HP: 39/41 MP: 3/3
  1991 | D:3      | Noticed a scorpion
  1996 | D:3      | Killed a scorpion
  1997 | D:3      | Reached skill level 1 in Maces & Flails
  1997 | D:3      | Reached XP level 5. HP: 47/47 MP: 4/4
  2103 | D:3      | Reached skill level 1 in Stealth
  2117 | D:3      | Reached *** piety under Trog
  2344 | D:3      | Found a radiant altar of Vehumet.
  2796 | D:4      | Upgraded the game from 0.31-a0-1237-gabc64e778c to
                  | 0.31-a0-1267-gfedaa18580
  2823 | D:4      | Reached skill level 5 in Fighting
  3287 | D:5      | Entered Level 5 of the Dungeon
  3369 | D:5      | Reached XP level 6. HP: 38/56 MP: 5/5
  3610 | D:5      | Noticed an orc warrior
  3626 | D:5      | Killed an orc warrior
  3627 | D:5      | Reached skill level 1 in Shields
  3636 | D:5      | Killed from afar by an orc wizard

Illustrated notes

Levels and vault maps discovered:
D:1:      shiori_arrival_oz, layout_loops_ring,
          hellmonk_ecumenical_altar_run_dry
D:2:      layout_basic, hangedman_decor_growths
D:3:      kennysheep_big_flooded_room, layout_loops_cross, lemuel_doored_altar,
          minmay_hedge_maze
D:4:      layout_rooms, hex_medium
D:5:      layout_loops_ring, minmay_temple_entry_hall, serial_bayou_pond_d,
          nicolae_kite_square_tiling_tiny

Skill      XL: |  1  2  3  4  5  6 |
---------------+-------------------+-----
Fighting       | 4 5 |  5.4
Polearms       | 4 |  4.2
Short Blades   | 1 2 |  2.4
Maces & Flails | 1 3 4 |  4.3
Stealth        | 1 |  1.7
Dodging        | 3 |  3.3
Shields        | 1 |  1.0
Armour         | |  2.5

Action                     |  1- 3 |  4- 6 || total
---------------------------+-------+-------++-------
  Melee: Spear             |    32 |       ||    32
         Headbutt          |    19 |    14 ||    33
         Short sword       |    27 |       ||    27
         Dagger            |    17 |       ||    17
         Demon whip        |    10 |    86 ||    96
   Stab: Sleeping          |     3 |     1 ||     4
 Armour: Animal skin       |    44 |    41 ||    85
  Dodge: Dodged            |    54 |    49 ||   103
  Block: Other             |       |     9 ||     9
         Buckler           |       |    10 ||    10

Table legend: (Time is in decaauts)
 A = Elapsed time spent in this place.
 B = Non-inter-level travel time spent in this place.
 C = Inter-level travel time spent in this place.
 D = Time resting spent in this place.
 E = Time spent auto-exploring this place.
 F = Levels seen in this place.
 G = Mean time per level.
                   A        B        C        D        E       F      G
               +--------+--------+--------+--------+--------+-----+--------+
         Total |   3630 |   3630 |      0 |      0 |   2767 |   5 |  726.0 |
       Dungeon |   3630 |   3630 |      0 |      0 |   2767 |   5 |  726.0 |
               +--------+--------+--------+--------+--------+-----+--------+

Top non-repeatable levels by time:
     D:2: 1004 daAuts
     D:3: 919 daAuts
     D:1: 868 daAuts
     D:4: 491 daAuts
     D:5: 347 daAuts
